SR
ELLESMERE ISLAND SNOWPEOPLE @ CANONNIERS DE QUEBEC
06/22/2042
 
TOP OF THE 1ST
Ellesmere Island Snowpeople batting - Pitching for Canonniers de Quebec : LHP François L'Écuyer
Pitching: LHP François L'Écuyer
Batting: RHB Red Greene 0-0: Called Strike
0-1: Ball
1-1: Ball
2-1: Ball
3-1: Called Strike
3-2: Base on Balls
Batting: SHB Clive Edney Balk!
Red Greene to second
0-0: Called Strike
0-1: SINGLE (Line Drive, 89M, EV 98.1 MPH)
Red Greene to third
Batting: RHB Donald White 0-0: Ball
1-0: Ball
2-0: Foul Ball, location: 2F
2-1: Ball
3-1: Foul Ball, location: 2F
3-2: Fly out, F8 (Flyball, 8LS, EV 86.9 MPH)
Runner from 3rd tags up, SCORES, throw by CF
Batting: RHB Ramón Rodríguez 0-0: Ball
1-0: SINGLE (Line Drive, 8LS, EV 103.8 MPH)
Clive Edney to second
Batting: LHB James Moya 0-0: Ball
1-0: Called Strike
1-1: Called Strike
1-2: Ball
2-2: Strikes out looking
Batting: RHB Ron Jackson 0-0: Called Strike
0-1: Ball
1-1: Called Strike
1-2: Foul Ball, location: 2F
1-2: Strikes out looking
Top of the 1st over - 1 run, 2 hits, 0 errors, 2 left on base; Ellesmere Island 1 - Canonniers de Quebec 0
BOTTOM OF THE 1ST
Canonniers de Quebec batting - Pitching for Ellesmere Island Snowpeople : LHP Ikaia Duncalf
Pitching: LHP Ikaia Duncalf
Batting: RHB Ron Johnson 0-0: Ball
1-0: Ball
2-0: Ball
3-0: Called Strike
3-1: Called Strike
3-2: Foul Ball, location: 2F
3-2: Ground out 1-3 (Groundball, 34S, EV 91.2 MPH)
Batting: RHB Cam Lloyd 0-0: Ball
1-0: Swinging Strike
1-1: Called Strike
1-2: Strikes out swinging
Batting: RHB Nick West 0-0: Called Strike
0-1: Called Strike
0-2: Strikes out swinging
Bottom of the 1st over - 0 runs, 0 hits, 0 errors, 0 left on base; Ellesmere Island 1 - Canonniers de Quebec 0
TOP OF THE 2ND
Ellesmere Island Snowpeople batting - Pitching for Canonniers de Quebec : LHP François L'Écuyer
Batting: RHB Frank Steeneveld 0-0: Swinging Strike
0-1: Foul Ball, location: 2F
0-2: Fly out, F9 (Flyball, 9S, EV 89.4 MPH)
Batting: RHB Ramón Rodríguez 0-0: Ball
1-0: Foul Ball, location: 2F
1-1: Ball
2-1: SINGLE (Groundball, 56D, EV 101.2 MPH)
Batting: RHB Tai Kuo 0-0: Ball
1-0: Ball
2-0: Reached on error, E6 (Groundball, 6, EV 90.0 MPH)
Ramón Rodríguez to second
Batting: RHB Red Greene 0-0: Ball
1-0: Swinging Strike
1-1: Swinging Strike
1-2: Ball
2-2: Strikes out looking
Batting: SHB Clive Edney 0-0: Foul Ball, location: 2F
0-1: Ball
1-1: SINGLE (Groundball, 6D, EV 100.6 MPH)
Ramón Rodríguez to third
Tai Kuo to second
Runner from 3rd tries for Home, SAFE, throw by CF to home
Batting: RHB Donald White 0-0: Ball
1-0: Swinging Strike
1-1: Fly out, F7 (Flyball, 7S, EV 90.0 MPH)
Top of the 2nd over - 1 run, 2 hits, 1 error, 2 left on base; Ellesmere Island 2 - Canonniers de Quebec 0
BOTTOM OF THE 2ND
Canonniers de Quebec batting - Pitching for Ellesmere Island Snowpeople : LHP Ikaia Duncalf
Batting: RHB Juan Cortéz 0-0: Ball
1-0: DOUBLE (Flyball, 7LD, EV 96.9 MPH)
Batting: LHB Jason Longoria 0-0: Ball
1-0: Called Strike
1-1: Foul Ball, location: 2F
1-2: Strikes out swinging
Batting: RHB Jon Branch 0-0: Swinging Strike
0-1: Swinging Strike
0-2: Ball
1-2: Strikes out looking
Batting: RHB Ludwig Mangin 0-0: Fly out, F6 (Line Drive, 6, EV 75.6 MPH)
Bottom of the 2nd over - 0 runs, 1 hit, 0 errors, 1 left on base; Ellesmere Island 2 - Canonniers de Quebec 0
TOP OF THE 3RD
Ellesmere Island Snowpeople batting - Pitching for Canonniers de Quebec : LHP François L'Écuyer
Batting: RHB Ramón Rodríguez 0-0: Ball
1-0: Fly out, F4 (Popup, 3S, EV 76.9 MPH)
Batting: LHB James Moya 0-0: Ball
1-0: Fly out, F8 (Flyball, 78D, EV 83.1 MPH)
Batting: RHB Ron Jackson 0-0: Ball
1-0: Called Strike
1-1: SINGLE (Groundball, 4, EV 87.5 MPH) (infield hit)
Batting: RHB Frank Steeneveld 0-0: Called Strike
0-1: Ball
1-1: Called Strike
1-2: Ground out 4-3 (Groundball, 4, EV 105.6 MPH)
Top of the 3rd over - 0 runs, 1 hit, 0 errors, 1 left on base; Ellesmere Island 2 - Canonniers de Quebec 0
BOTTOM OF THE 3RD
Canonniers de Quebec batting - Pitching for Ellesmere Island Snowpeople : LHP Ikaia Duncalf
Batting: RHB Manny Costello 0-0: Ball
1-0: Called Strike
1-1: SINGLE (Groundball, 34, EV 107.5 MPH) (infield hit)
Batting: LHB Jake Hill 0-0: Ball
1-0: Called Strike
Manny Costello is caught stealing 2nd base 2-6
1-1: Ground out 5-3 (Groundball, 5S, EV 91.2 MPH)
Batting: RHB Ron Johnson 0-0: Ground out 6-3 (Groundball, 6, EV 85.6 MPH)
Bottom of the 3rd over - 0 runs, 1 hit, 0 errors, 0 left on base; Ellesmere Island 2 - Canonniers de Quebec 0
TOP OF THE 4TH
Ellesmere Island Snowpeople batting - Pitching for Canonniers de Quebec : LHP François L'Écuyer
Batting: RHB Ramón Rodríguez 0-0: SINGLE (Flyball, 89M, EV 90.6 MPH)
Batting: RHB Tai Kuo 0-0: Foul Ball, location: 2F
0-1: Called Strike
0-2: Ball
1-2: Foul Ball, location: 2F
1-2: TRIPLE (Flyball, 89XD, EV 87.5 MPH)
Ramón Rodríguez scores
Batting: RHB Red Greene 0-0: Called Strike
0-1: Fly out, F9 (Flyball, 9LM, EV 73.8 MPH)
Batting: SHB Clive Edney 0-0: Called Strike
0-1: Ball
1-1: SINGLE (Groundball, 5D, EV 98.8 MPH)
Tai Kuo scores
Batting: RHB Donald White 0-0: Called Strike
0-1: Foul Ball, location: 2F
0-2: Ball
1-2: Ball
Passed Ball!
Clive Edney to second
2-2: Ball
3-2: Foul Ball, location: 2F
3-2: Ground out 1-3 (Groundball, 13S, EV 61.9 MPH)
Clive Edney to third
Batting: RHB Ramón Rodríguez 0-0: Fly out, F8 (Line Drive, 8LD, EV 90.0 MPH)
Top of the 4th over - 2 runs, 3 hits, 0 errors, 1 left on base; Ellesmere Island 4 - Canonniers de Quebec 0
BOTTOM OF THE 4TH
Canonniers de Quebec batting - Pitching for Ellesmere Island Snowpeople : LHP Ikaia Duncalf
Batting: RHB Cam Lloyd 0-0: Called Strike
0-1: Ball
1-1: Ball
2-1: Foul Ball, location: 2F
2-2: Strikes out swinging
Batting: RHB Nick West 0-0: Called Strike
0-1: Foul Ball, location: 2F
0-2: Ball
1-2: Ball
2-2: Ball
3-2: Fly out, F9 (Flyball, 89S, EV 90.0 MPH)
Batting: RHB Juan Cortéz 0-0: Fly out, F7 (Line Drive, 7, EV 96.2 MPH)
Bottom of the 4th over - 0 runs, 0 hits, 0 errors, 0 left on base; Ellesmere Island 4 - Canonniers de Quebec 0
TOP OF THE 5TH
Ellesmere Island Snowpeople batting - Pitching for Canonniers de Quebec : LHP François L'Écuyer
Batting: LHB James Moya 0-0: Ball
1-0: Called Strike
1-1: Ball
2-1: Ball
3-1: Called Strike
3-2: Foul Ball, location: 2F
3-2: Strikes out looking
Batting: RHB Ron Jackson 0-0: Ball
1-0: SINGLE (Line Drive, 34D, EV 96.2 MPH)
Batting: RHB Frank Steeneveld 0-0: Ball
1-0: Grounds into double play, 4-6-3 (Groundball, 4, EV 101.2 MPH)
Top of the 5th over - 0 runs, 1 hit, 0 errors, 0 left on base; Ellesmere Island 4 - Canonniers de Quebec 0
BOTTOM OF THE 5TH
Canonniers de Quebec batting - Pitching for Ellesmere Island Snowpeople : LHP Ikaia Duncalf
Batting: LHB Jason Longoria 0-0: Swinging Strike
0-1: Ground out U3 (Groundball, 3, EV 75.6 MPH)
Batting: RHB Jon Branch 0-0: Called Strike
0-1: Ball
1-1: Foul Ball, location: 2F
1-2: Ball
2-2: Strikes out swinging
Batting: RHB Ludwig Mangin 0-0: Ball
1-0: Foul Ball, location: 2F
1-1: Fly out, F8 (Flyball, 8LM, EV 90.0 MPH)
Bottom of the 5th over - 0 runs, 0 hits, 0 errors, 0 left on base; Ellesmere Island 4 - Canonniers de Quebec 0
TOP OF THE 6TH
Ellesmere Island Snowpeople batting - Pitching for Canonniers de Quebec : LHP François L'Écuyer
Pitching: LHP Tsu-wee Yeh
Batting: RHB Ramón Rodríguez 0-0: Called Strike
0-1: Foul Ball, location: 2F
0-2: Ball
1-2: Foul Ball, location: 2F
1-2: Strikes out swinging
Batting: RHB Tai Kuo 0-0: Ball
1-0: Called Strike
1-1: Ball
2-1: Swinging Strike
2-2: Strikes out looking
Batting: RHB Red Greene 0-0: Ball
1-0: Swinging Strike
1-1: Ball
2-1: Called Strike
2-2: Strikes out swinging
Top of the 6th over - 0 runs, 0 hits, 0 errors, 0 left on base; Ellesmere Island 4 - Canonniers de Quebec 0
BOTTOM OF THE 6TH
Canonniers de Quebec batting - Pitching for Ellesmere Island Snowpeople : LHP Ikaia Duncalf
Batting: RHB Manny Costello 0-0: Called Strike
0-1: Foul Ball, location: 2F
0-2: Ball
1-2: Ball
2-2: Strikes out swinging
Batting: LHB Jake Hill 0-0: Ground out 4-3 (Groundball, 4, EV 104.4 MPH)
Batting: RHB Ron Johnson 0-0: Ball
1-0: Foul Ball, location: 2F
1-1: Ground out 6-3 (Groundball, 6M, EV 83.8 MPH)
Bottom of the 6th over - 0 runs, 0 hits, 0 errors, 0 left on base; Ellesmere Island 4 - Canonniers de Quebec 0
TOP OF THE 7TH
Ellesmere Island Snowpeople batting - Pitching for Canonniers de Quebec : LHP Tsu-wee Yeh
Batting: SHB Clive Edney 0-0: Called Strike
0-1: Foul Ball, location: 2F
0-2: Strikes out swinging
Batting: RHB Donald White 0-0: Swinging Strike
0-1: Foul Ball, location: 2F
0-2: Ball
1-2: Fly out, F8 (Line Drive, 8RM, EV 91.2 MPH)
Batting: RHB Ramón Rodríguez 0-0: Ball
1-0: Swinging Strike
1-1: Foul Ball, location: 2F
1-2: Strikes out swinging
Top of the 7th over - 0 runs, 0 hits, 0 errors, 0 left on base; Ellesmere Island 4 - Canonniers de Quebec 0
BOTTOM OF THE 7TH
Canonniers de Quebec batting - Pitching for Ellesmere Island Snowpeople : LHP Ikaia Duncalf
Batting: RHB Cam Lloyd 0-0: Reached on error, E6 (Groundball, 6, EV 98.8 MPH)
Batting: RHB Nick West 0-0: Ball
1-0: Foul Ball, location: 2F
1-1: Ball
2-1: Foul Ball, location: 2F
2-2: Ball
3-2: Foul Ball, location: 2F
3-2: Base on Balls
Batting: RHB Juan Cortéz 0-0: Swinging Strike
0-1: Ball
1-1: Foul Ball, location: 2F
1-2: Ball
2-2: Fielders Choice at 2nd, 5-4 (Groundball, 56S, EV 86.9 MPH)
Cam Lloyd to third
Batting: LHB Jason Longoria 0-0: Ball
1-0: Called Strike
1-1: Foul Ball, location: 2F
1-2: Foul Ball, location: 2F
1-2: Ground out 4-3 (Groundball, 4S, EV 86.9 MPH)
Cam Lloyd scores
Juan Cortéz to second
Batting: RHB Jon Branch 0-0: DOUBLE (Flyball, 8LD, EV 102.5 MPH)
Juan Cortéz scores
Batting: RHB Ludwig Mangin 0-0: Ball
1-0: Swinging Strike
1-1: Ground out 6-3 (Groundball, 6, EV 98.1 MPH)
Bottom of the 7th over - 2 runs, 1 hit, 1 error, 1 left on base; Ellesmere Island 4 - Canonniers de Quebec 2
TOP OF THE 8TH
Ellesmere Island Snowpeople batting - Pitching for Canonniers de Quebec : LHP Tsu-wee Yeh
Batting: LHB James Moya 0-0: Ball
1-0: Ball
2-0: Ground out 4-3 (Groundball, 4, EV 82.5 MPH)
Batting: RHB Ron Jackson 0-0: Ball
1-0: Fly out, F4 (Popup, 4D, EV 63.8 MPH)
Pitching: RHP Steve MacDougal
Batting: RHB Frank Steeneveld 0-0: Foul Ball, location: 2F
0-1: Foul Ball, location: 2F
0-2: Strikes out swinging
Top of the 8th over - 0 runs, 0 hits, 0 errors, 0 left on base; Ellesmere Island 4 - Canonniers de Quebec 2
BOTTOM OF THE 8TH
Canonniers de Quebec batting - Pitching for Ellesmere Island Snowpeople : LHP Ikaia Duncalf
Now at C: Sergio Herrera
Batting: RHB Manny Costello 0-0: Called Strike
0-1: Ball
1-1: Ground out 5-3 (Groundball, 56S, EV 71.9 MPH)
Batting: LHB Jake Hill 0-0: SINGLE (Groundball, 56D, EV 101.9 MPH)
Batting: RHB Ron Johnson 0-0: Foul Ball, location: 2F
0-1: Ball
1-1: Fly out, F4 (Popup, 4M, EV 48.8 MPH)
Batting: RHB Cam Lloyd 0-0: Ground out 1-3 (Groundball, 34S, EV 81.9 MPH)
Bottom of the 8th over - 0 runs, 1 hit, 0 errors, 1 left on base; Ellesmere Island 4 - Canonniers de Quebec 2
TOP OF THE 9TH
Ellesmere Island Snowpeople batting - Pitching for Canonniers de Quebec : RHP Steve MacDougal
Batting: RHB Ramón Rodríguez 0-0: Ball
1-0: Foul Ball, location: 2F
1-1: Ball
2-1: Called Strike
2-2: Ball
3-2: Strikes out swinging
Batting: RHB Tai Kuo 0-0: Ball
1-0: Called Strike
1-1: Ball
2-1: Fly out, F4 (Flyball, 4D, EV 80.6 MPH)
Batting: RHB Red Greene 0-0: Ground out 6-3 (Groundball, 6MS, EV 68.1 MPH)
Top of the 9th over - 0 runs, 0 hits, 0 errors, 0 left on base; Ellesmere Island 4 - Canonniers de Quebec 2
BOTTOM OF THE 9TH
Canonniers de Quebec batting - Pitching for Ellesmere Island Snowpeople : LHP Ikaia Duncalf
Pitching: RHP Al Maxwell
Batting: RHB Nick West 0-0: Called Strike
0-1: Ball
1-1: Swinging Strike
1-2: Strikes out swinging
Batting: RHB Juan Cortéz 0-0: Ball
1-0: Swinging Strike
1-1: Called Strike
1-2: Strikes out swinging
Batting: LHB Jason Longoria 0-0: Foul Ball, location: 2F
0-1: Foul Ball, location: 2F
0-2: Strikes out swinging
Bottom of the 9th over - 0 runs, 0 hits, 0 errors, 0 left on base; Ellesmere Island 4 - Canonniers de Quebec 2
Friday, March 26th, 2021 - OOTP Baseball 20.8 Build 74